 Dungeon Crawl Stone Soup version 0.30-a0-860-g512cf1e979 (webtiles) character file.

Game seed: 7700202237991896942

3129 BigDaddyOpFi the Cleaver (level 9, 0/82 HPs)
             Began as a Hill Orc Fighter on Mar 7, 2023.
             Was a Follower of Beogh.
             Slain by a gargoyle
             ... wielding a +0 dire flail
              (3 damage)
             ... while petrified by a basilisk
             ... on level 8 of the Dungeon.
             The game lasted 00:08:37 (6758 turns).

BigDaddyOpFi the Cleaver (Hill Orc Fighter)         Turns: 6758, Time: 00:08:38

Health: 0/82       AC: 17    Str: 23    XL:     9   Next: 92%
Magic:  11/11      EV:  2    Int: 14    God:    Beogh [*.....]
Gold:   303        SH:  0    Dex: 10    Spells: 8/8 levels left

rFire   + . .      SeeInvis .    a - +0 war axe (spect)
rCold   + + .      Faith    +    c - +0 buckler
rNeg    + + +      Spirit   .    r - +3 plate armour {rC+}
rPois   ∞          Reflect  .    A - +0 helmet
rElec   .          Rampage  .    v - scarf {rC+ rF+}
rCorr   .                        (no gloves)
Will    +....                    (no boots) Stlth
                                 m - amulet of faith
HPRegen 0.33/turn                d - ring of willpower
MPRegen 0.12/turn                y - +6 ring of intelligence

@: petrified
A: no striking features
a: Renounce Religion


You were on level 8 of the Dungeon.
You worshipped Beogh.
Beogh was aware of your devotion.
You visited 2 branches of the dungeon, and saw 9 of its levels.
You also visited: Sewer and Bailey.

You collected 303 gold pieces.

Inventory:

Hand Weapons
 a - a +0 spectral war axe (weapon)
 g - a +0 triple sword
 k - the +5 trident of Bigezxum {flame, Fly Str-4 Dex+3 SInv}
   (You found it on level 3 of the Dungeon)

   Str:       It affects your strength (-4).
   Dex:       It affects your dexterity (+3).
   SInv:      It lets you see invisible.
   Fly:       It grants you flight.
Missiles
 D - 2 throwing nets (quivered)
Armour
 c - a +0 buckler (worn)
 p - a +0 cloak
 r - a +3 plate armour of cold resistance (worn)
 v - a scarf of resistance (worn)
 A - a +0 helmet (worn)
Jewellery
 d - a ring of willpower (left hand)
 m - an amulet of faith (around neck)
 y - a +6 ring of intelligence (right hand)
Wands
 l - a wand of paralysis (13)
Scrolls
 e - a scroll of identify
 f - 7 scrolls of teleportation
 i - a scroll of fear
 n - a scroll of noise
 t - a scroll of blinking
 w - a scroll of torment
 x - a scroll of brand weapon
 z - a scroll of silence
 C - a scroll of fog
Potions
 b - 3 potions of flight
 h - a potion of heal wounds
 j - 4 potions of degeneration {unknown}
 o - a potion of ambrosia
 q - a potion of curing {unknown}
 s - a potion of attraction {unknown}
 u - 4 potions of brilliance {unknown}
 B - a potion of mutation {unknown}


   Skills:
 + Level 8.8 Fighting
 + Level 9.0 Axes
 + Level 7.9 Armour
 + Level 8.0 Shields
 * Level 3.5 Invocations


You had 8 spell levels left.
You didn't know any spells.
Your spell library contained the following spells:

 Spells                   Type           Power      Damage    Failure   Level
 Static Discharge         Conj/Air       0%         2-2/arc   100%        2
 Gell's Gravitas          Tloc           0%         N/A       100%        3
 Teleport Other           Tloc           0%         N/A       100%        3
 Vhi's Electric Charge    Tloc/Air       0%         N/A       100%        3
 Arcjolt                  Conj/Air       0%         1d10      100%        5
 Lightning Bolt           Conj/Air       0%         1d11      100%        5
 Dispersal                Tloc           0%         N/A       100%        6
 Chain Lightning          Conj/Air       0%         N/A       100%        9
 Fire Storm               Conj/Fire      0%         5d1       100%        9
 Shatter                  Erth           0%         3d5*      100%        9


Dungeon Overview and Level Annotations

Branches:
Dungeon (8/15)             Temple (1/1) D:4           Sewer (visited)
 Bailey (visited)
   Lair: D:8-11

Altars:
Gozag
Hepliaklqana
Uskayaw
Wu Jian
The Shining One

Annotations:
D:4 2 runed translucent doors, Darius099's ghost, amateur TrMo


Message History

Your +0 spectral war axe hits the gargoyle but does no damage.
The basilisk bites your +0 spectral war axe!
Your spectral weapon shares its damage with you!
The gargoyle hits you with a +0 dire flail.
The basilisk bites your +0 spectral war axe but does no damage.
The gargoyle hurls a stone arrow at you.
The stone arrow hits you!! The gargoyle barely misses you.
Your limbs are stiffening.
You closely miss the gargoyle.
The gargoyle is severely damaged.
You closely miss the basilisk. You hit the gargoyle.
Your +0 spectral war axe hits the basilisk!
Your +0 spectral war axe barely misses the gargoyle.
The basilisk misses your +0 spectral war axe.
The gargoyle hits you with a +0 dire flail.
The gargoyle hits you with a +0 morningstar!
The basilisk bites your +0 spectral war axe!
Your spectral weapon shares its damage with you!
Your +0 spectral war axe fades away.
The gargoyle hurls a stone arrow at you.
The stone arrow hits you but does no damage.
The gargoyle hurls a stone arrow at you.
The stone arrow hits you.
* * * LOW HITPOINT WARNING * * *
The basilisk hisses angrily.
You have turned to stone.
The gargoyle hits you with a +0 morningstar!
* * * LOW HITPOINT WARNING * * *
The gargoyle hurls a stone arrow at you.
The stone arrow hits you!!
* * * LOW HITPOINT WARNING * * *
The basilisk bites you.
* * * LOW HITPOINT WARNING * * *
The gargoyle hits you but does no damage.
The basilisk gazes at you. You resist with almost no effort.
The gargoyle hits you with a +0 morningstar.
* * * LOW HITPOINT WARNING * * *
The gargoyle hits you with a +0 dire flail.
You die...

......##
##......##
#....##
#.....###
##..#
#...#..# #..
##...##..#
#... #≈####
##.# ....
≈≈≈# #.####
### ≈°≈
#....#.... ≈≈
###l......#
#'.9@..####
##!...##9..##
##.... ##.##
##... ##.#
+#.. .##..
### . ##.. ##
§ #### ..


You could see a basilisk and 2 gargoyles.

Vanquished Creatures
  Grinder (D:3)
  2 water moccasins
  An orc warrior (D:7)
  An ice beast (D:3)
  3 black bears
  2 sky beasts (D:7)
  2 ogres
  2 phantoms
  3 kobold brigands (D:7)
  3 bullfrogs
  5 scorpions
  A howler monkey (D:4)
  6 hounds
  A jelly (D:5)
  Crazy Yiuf (D:3)
  4 iguanas
  Terence (D:2)
  Jessica (D:2)
  6 orc wizards
  Ijyb (D:3)
  A sleepcap (D:5)
  Natasha (twice) (D:2)
  Robin (D:3)
  11 gnolls
  11 adders
  A white imp (D:6)
  A worm (D:4)
  2 dart slugs
  25 orcs
  10 ball pythons
  8 endoplasms
  5 giant cockroaches
  20 goblins
  9 hobgoblins
  4 jackals (D:3)
  14 quokkas
  7 bats
  5 frilled lizards
  26 kobolds
  10 rats
220 creatures vanquished.

Vanquished Creatures (others)
  A kobold (D:4)
1 creature vanquished.

Grand Total: 221 creatures vanquished

Notes
Turn   | Place    | Note
-------+----------+-------------------------------------------
     0 | D:1      | BigDaddyOpFi the Hill Orc Fighter began the quest for the
                  | Orb.
     0 | D:1      | Reached XP level 1. HP: 19/19 MP: 1/1
   124 | D:1      | Reached XP level 2. HP: 27/27 MP: 2/2
   167 | D:1      | Reached skill level 3 in Axes
   400 | D:1      | Reached XP level 3. HP: 30/33 MP: 3/3
   621 | D:2      | Reached XP level 4. HP: 37/40 MP: 4/4
   784 | D:2      | Noticed Jessica
   786 | D:2      | Killed Jessica
   787 | D:2      | Reached skill level 4 in Axes
   831 | D:2      | Found a faded altar of an unknown god.
   838 | D:2      | Reached XP level 5. HP: 44/47 MP: 5/5
   881 | D:2      | Noticed Terence
   895 | D:2      | Killed Terence
   991 | D:2      | Found an ornate altar of the Wu Jian Council.
   994 | D:2      | Noticed Natasha
   998 | D:2      | Killed Natasha
  1137 | D:2      | Noticed Natasha
  1159 | D:2      | Killed Natasha
  1750 | D:3      | Reached skill level 5 in Fighting
  1776 | D:3      | Noticed an ice beast
  1788 | D:3      | Killed an ice beast
  1789 | D:3      | Reached XP level 6. HP: 56/56 MP: 6/6
  1808 | D:3      | Identified the +5 trident of Bigezxum {flame, Fly Str-4
                  | Dex+3 SInv}
  1828 | D:3      | Noticed Robin
  1862 | D:3      | Killed Robin
  1883 | D:3      | Reached skill level 5 in Axes
  1996 | D:3      | Found a runed translucent door.
  1997 | D:3      | Noticed Crazy Yiuf
  2033 | D:3      | Noticed Grinder
  2040 | D:3      | Killed Grinder
  2041 | D:3      | Reached skill level 5 in Armour
  2041 | D:3      | Reached skill level 5 in Shields
  2041 | D:3      | Reached XP level 7. HP: 45/62 MP: 7/7
  2450 | D:3      | Noticed Ijyb
  2458 | D:3      | Killed Ijyb
  2665 | D:3      | Killed Crazy Yiuf
  2858 | D:4      | Reached skill level 6 in Axes
  2870 | D:4      | Found a glowing golden altar of the Shining One.
  2939 | D:4      | Found a glowing drain.
  2998 | Sewer    | Entered a sewer
  3165 | Sewer    | Reached XP level 8. HP: 68/71 MP: 8/8
  3459 | D:4      | Found a large runed translucent door.
  3459 | D:4      | Found a large runed translucent door.
  3461 | D:4      | Noticed Darius099's ghost (amateur TrMo)
  3862 | D:4      | Found a staircase to the Ecumenical Temple.
  4234 | Temple   | Entered the Ecumenical Temple
  4310 | D:5      | Entered Level 5 of the Dungeon
  4336 | D:5      | Reached skill level 7 in Axes
  4516 | D:5      | Reached XP level 9. HP: 72/79 MP: 9/9
  4881 | D:6      | Reached skill level 8 in Axes
  5642 | D:7      | Became a worshipper of Beogh the Brigand
  5713 | D:7      | Found a hide-covered altar of Uskayaw.
  5719 | D:7      | Reached skill level 1 in Invocations
  5832 | D:7      | Found a flagged portal.
  5836 | D:7      | Reached * piety under Beogh
  5852 | Bailey   | Entered a bailey
  6013 | Bailey   | HP: 3/82 [gnoll/+0 trident (3)]
  6401 | D:7      | Reached skill level 9 in Axes
  6519 | D:7      | Found an opulent altar of Gozag.
  6745 | D:8      | Noticed a gargoyle
  6745 | D:8      | Noticed a gargoyle
  6757 | D:8      | HP: 2/82 [gargoyle/+0 morningstar (3)]
  6758 | D:8      | Slain by a gargoyle

Illustrated notes

Levels and vault maps discovered:
D:1:      zelgadis_glass_arrival_small, layout_basic, skrybe_limestone_x
D:2:      minmay_alternating_diamond, layout_loops_cross, basic_altar,
          chequers_ecumenical_altar_simple_redux, nrook_mini_vaults,
          hangedman_decor_diamond_cutter, uniq_jessica, uniq_terence,
          uniq_natasha
D:3:      layout_loops_ring, moated_statue, uniq_crazy_yiuf_cottage, uniq_ijyb,
          uniq_robin, uniq_grinder
D:4:      layout_gridville, mainiacjoe_overflow_alcove_4,
          lemuel_temple_firewalk_a, ebering_ghost_disaster_area,
          portal_sewer_entry_b
D:5:      layout_gridville
D:6:      layout_rooms, hangedman_decor_clover_reticule, reono_crystal_passage,
          kennysheep_windowed_goal
D:7:      layout_rooms, nicolae_uskayaw_dance_studio, grunt_gozag_statues,
          enter_bailey_2
D:8:      layout_layer_cave, nicolae_overflow_hidden_temple,
          chequers_temple_overflow_statue_of_worship, serial_shops,
          nicolae_stop_n_shop_1, gammafunk_ghost_split,
          dilly_guarded_unrand_elemental_staff
Temple:   regret_index_temple_generic_petals

Skill      XL: |  1  2  3  4  5  6  7  8  9 |
---------------+----------------------------+-----
Axes           | 3 4 5 6 7 9 |  9.0
Fighting       | 4 5 6 7 8 |  8.8
Shields        | 4 5 6 8 |  8.0
Armour         | 4 5 6 7 |  7.9
Invocations    | 3 |  3.5

Action                     |  1- 3 |  4- 6 |  7- 9 || total
---------------------------+-------+-------+-------++-------
  Melee: War axe           |    64 |   115 |   292 ||   471
         Trident           |       |    44 |    17 ||    61
 Invoke: Convert to Beogh  |       |       |     1 ||     1
    Use: Potion            |     1 |     1 |     3 ||     5
         Scroll            |       |     2 |    13 ||    15
   Stab: Distracted        |       |       |     2 ||     2
 Armour: Scale mail        |    25 |    67 |    64 ||   156
         Plate armour      |       |       |   160 ||   160
  Dodge: Dodged            |    30 |    69 |   131 ||   230
  Block: Buckler           |    15 |    30 |    95 ||   140

Table legend: (Time is in decaauts)
 A = Elapsed time spent in this place.
 B = Non-inter-level travel time spent in this place.
 C = Inter-level travel time spent in this place.
 D = Time resting spent in this place.
 E = Time spent auto-exploring this place.
 F = Levels seen in this place.
 G = Mean time per level.
                   A        B        C        D        E       F      G
               +--------+--------+--------+--------+--------+-----+--------+
         Total |   6990 |   6732 |    258 |    568 |   4564 |  11 |  635.5 |
       Dungeon |   6246 |   5995 |    251 |    480 |   4267 |   8 |  780.8 |
        Temple |     27 |     20 |      7 |      0 |      0 |   1 |   27.0 |
         Sewer |    548 |    548 |      0 |      0 |    297 |   1 |  548.0 |
        Bailey |    167 |    167 |      0 |     88 |      0 |   1 |  167.0 |
               +--------+--------+--------+--------+--------+-----+--------+

Top non-repeatable levels by time:
     D:3: 1198 daAuts
     D:4: 1058 daAuts
     D:2: 1039 daAuts
     D:7: 911 daAuts
     D:6: 786 daAuts
     D:1: 641 daAuts
   Sewer: 548 daAuts
     D:5: 525 daAuts
  Bailey: 167 daAuts
     D:8: 84 daAuts
  Temple: 27 daAuts
